 Dungeon Crawl Stone Soup version 0.19-a0-1740-g0bcaf2e (webtiles) character file.

100 Amnesiac the Digger (level 4, -1/30 HPs)
             Began as a Mummy Earth Elementalist on Oct 1, 2016.
             Slain by an ogre
             ... wielding a +0 giant spiked club
              (29 damage)
             ... on level 4 of the Dungeon.
             The game lasted 00:03:19 (1243 turns).

Amnesiac the Digger (Mummy Earth Elementalist)      Turns: 1243, Time: 00:03:20

Health: -1/30      AC:  2    Str: 11    XL:     4   Next: 47%
Magic:  4/8        EV: 12    Int: 17    God:
Gold:   162        SH:  0    Dex: 13    Spells: 3 memorised, 2 levels left

rFire  x . .     SeeInvis .     b - 115 stones
rCold  + . .     Gourm    .     c - +0 robe
rNeg   + + +     Faith    .     (no shield)
rPois  ∞         Spirit   .     (no helmet)
rElec  .         Dismiss  .     (no cloak)
rCorr  .         Reflect  .     (no gloves)
MR     .....     Harm     .     (no boots)
Stlth  ++........               (no amulet)
                                (no ring)
                                j - +3 ring of intelligence

@: no status effects
A: no food or potions, fire vulnerability, cold resistance 1, negative energy
resistance 3, torment resistance, unbreathing
a: no special abilities


You were on level 4 of the Dungeon.
You were not hungry.

You visited 1 branch of the dungeon, and saw 4 of its levels.

You collected 162 gold pieces.

Inventory:

Hand Weapons
 a - a +0 dagger
Missiles
 b - 115 stones (in hand)
Armour
 c - a +0 robe (worn)
Jewellery
 j - a +3 ring of intelligence (left hand)
Scrolls
 e - 2 scrolls of identify {unknown}
 f - a scroll of remove curse {unknown}
 g - a scroll of random uselessness {unknown}
 h - a scroll of fear {unknown}
 i - a scroll of teleportation {unknown}
 k - a scroll of recharging {unknown}
 l - a scroll of magic mapping {unknown}
Books
 d - a book of Geomancy

   Spells                             Type                      Level
   a - Sandblast                      Earth                        1
   b - Passwall                       Transmutation/Earth          2
   c - Stone Arrow                    Conjuration/Earth            3
   d - Petrify                        Transmutation/Earth          4
   e - Lee's Rapid Deconstruction     Earth                        5
 m - a book of Minor Magic

   Spells                             Type                      Level
   a - Magic Dart                     Conjuration                  1
   b - Blink                          Translocation                2
   c - Call Imp                       Summoning                    2
   d - Repel Missiles                 Charms/Air                   2
   e - Slow                           Hexes                        2
   f - Conjure Flame                  Conjuration/Fire             3
   g - Mephitic Cloud                 Conjuration/Poison/Air       3


   Skills:
 - Level 1.5 Dodging
 - Level 1.5 Stealth
 - Level 3.1 Spellcasting
 - Level 0.7 Transmutations
 + Level 3.7 Earth Magic


You had 2 spell levels left.
You knew the following spells:

 Your Spells              Type           Power        Failure   Level  Hunger
e - Petrify               Tmut/Erth      ##......     71%         4    N/A
f - Sandblast             Erth           ###...       3%          1    N/A
v - Passwall              Tmut/Erth      ##........   12%         2    N/A

Dungeon Overview and Level Annotations

Branches:
Dungeon (4/15)
 Temple: D:4-7

Altars:

Shops:
D:4 (

Annotations:
D:4 Bronet's ghost, amateur HEHu


Innate Abilities, Weirdness & Mutations

You do not eat or drink.
Your flesh is vulnerable to fire.
You are immune to poison.
Your flesh is cold resistant. (rC+)
You are immune to negative energy. (rN+++)
You are immune to unholy pain and torment.
You can survive without breathing.


Message History

Unknown command.
Casting: Sandblast
Confirm with . or Enter, or press ? or * to list all spells.
Aiming: Sandblast
Press: ? - help, Shift-Dir - straight line, f/p - ogre
Aim: an ogre, wielding a giant spiked club (moderately wounded)
The rocky blast hits the ogre.
The ogre is severely wounded.
The ogre hits you with a giant spiked club.
Unknown command.
Casting: Sandblast
Confirm with . or Enter, or press ? or * to list all spells.
Aiming: Sandblast
Press: ? - help, Shift-Dir - straight line, f/p - ogre
Aim: an ogre, wielding a giant spiked club (severely wounded)
The rocky blast hits the ogre.
The ogre is almost dead.
The ogre hits you with a giant spiked club!!
Ouch! That really hurt!
You die...

#..# #.#
#########.####
##.###.#
#.......#....#
#..##.#
##+#####.####.#
####.##.#
#........#....#
#.....#.#
#........#....#
#.....#.#
#.........<#..#
#.......#
####.......##.#..#
#....#..#
#..'.......##.####
#....#..#
#@##.......##....#
#....#..#
#O#........#####.#
#....##.#
#(#.!......# #...#
##### #.#
#.#.#<#+#### #.###
#.# #.#.#.#.# #.#
.# #.#.#...# #.#
#.#.##### #.#
#.#.# #.# #.# #.#


You could see an ogre.

Vanquished Creatures
  A scorpion (D:4)
  4 adders
  4 orcs (D:4)
  A giant cockroach (D:3)
  A goblin (D:3)
  2 hobgoblins (D:2)
  A quokka (D:2)
  A bat (D:3)
  A quokka skeleton (D:4)
16 creatures vanquished.

Notes
Turn   | Place    | Note
-------+----------+-------------------------------------------
     0 | D:1      | Amnesiac the Mummy Earth Elementalist began the quest for the Orb.
     0 | D:1      | Reached XP level 1. HP: 13/13 MP: 3/3
   573 | D:3      | Reached XP level 2. HP: 17/19 MP: 0/5
   697 | D:4      | Found Zipnuad's Weapon Shoppe.
   808 | D:4      | Reached XP level 3. HP: 23/24 MP: 2/7
   812 | D:4      | Learned a level 2 spell: Passwall
   897 | D:4      | Noticed Bronet's ghost (amateur HEHu)
   993 | D:4      | Noticed a scorpion
  1007 | D:4      | Killed a scorpion
  1007 | D:4      | Reached XP level 4. HP: 18/30 MP: 0/8
  1044 | D:4      | Learned a level 4 spell: Petrify
  1236 | D:4      | Noticed an ogre
  1243 | D:4      | Slain by an ogre

Vault maps used:
D:1:      dpeg_arrival_connections
D:2:      first_bread
D:3:      kennysheep_generic_room_15
D:4:      serial_shops, nicolae_shop_crystal

Skill      XL: |  1  2  3 |
---------------+----------+-----
Earth Magic    | 3 |  3.7
Spellcasting   | 3 |  3.1
Dodging        | |  1.5
Stealth        | |  1.5
Transmutations | |  0.7

Action                   |  1- 3 |  4- 6 || total
-------------------------+-------+-------++-------
 Cast: Sandblast         |    38 |     5 ||    43
Armor: Robe              |     5 |       ||     5
Dodge: Dodged            |    18 |       ||    18
